 Dungeon Crawl Stone Soup version 0.30-a0-1157-g2cc9ac7196 (webtiles) character file.

Game seed: 7312465463039475493

16 pokedragonboy the Gusty (level 2, 15/15 HPs)
             Began as a Tengu Air Elementalist on Apr 24, 2023.
             Quit the game on level 2 of the Dungeon.
             The game lasted 00:01:35 (1147 turns).

pokedragonboy the Gusty (Tengu Air Elementalist)    Turns: 1147, Time: 00:01:36

Health: 15/15      AC:  2    Str:  8    XL:     2   Next: 54%
Magic:  6/6        EV: 12    Int: 15    God:
Gold:   36         SH:  0    Dex: 14    Spells: 4/5 levels left

rFire   . . .        (no weapon)
rCold   . . .        (no shield)
rNeg    . . .        a - +0 robe
rPois   .            (helmet restricted)
rElec   .            (no cloak)
rCorr   .            (no gloves)
SInv    .            (boots unavailable)
Will    .....        (no amulet)
Stlth   ++           (no ring)
HPRegen 0.22/turn    (no ring)
MPRegen 0.10/turn

%: no passive effects
@: no status effects
A: beak, talons 3
a: no special abilities


You were on level 2 of the Dungeon.
You visited 1 branch of the dungeon, and saw 2 of its levels.

You collected 36 gold pieces.

Inventory:

Armour
 a - a +0 robe (worn)
Scrolls
 c - a scroll of vulnerability {unknown}
 d - 3 scrolls of teleportation
 j - a scroll of acquirement {unknown}
 k - a scroll of enchant armour {unknown}
Potions
 b - a potion of magic
 e - a potion of might {unknown}
 f - a potion of resistance
 g - a potion of invisibility {unknown}
 h - a potion of ambrosia {unknown}
 i - 2 potions of curing {unknown}


   Skills:
 - Level 2.1 Dodging
 - Level 2.0 Stealth
 + Level 2.2 Spellcasting
 * Level 2.3 Conjurations
 * Level 4.4 Air Magic


You had 4 spell levels left.
You knew the following spells:

 Your Spells              Type           Power      Damage    Failure   Level
a - Shock                 Conj/Air       44%        1d5       5%          1

Your spell library contained the following spells:

 Spells                   Type           Power      Damage    Failure   Level
 Static Discharge         Conj/Air       22%        2-3/arc   9%          2
 Swiftness                Air            15%        N/A       11%         3
 Airstrike                Air            7%         2d(2-18)  34%         4


Dungeon Overview and Level Annotations

Branches:
Dungeon (2/15)

Altars:


Innate Abilities, Weirdness & Mutations

You have a beak for a mouth.
You have claws for feet.


Message History

Aiming: Shock (safe; 5% risk of failure)
Press: ? - help, Shift-Dir - straight line, p - ball python The zap hits the ball python.
You kill the ball python!
You start resting.
Magic restored.
Found a stone staircase leading up.
You see here a ball python corpse.
You now have 36 gold pieces (gained 7).
A goblin comes into view. It is wielding a +0 dagger.
Casting: Shock (safe; 5% risk of failure)
Confirm with . or Enter, or press ? or * to list all spells.
Aiming: Shock (safe; 5% risk of failure)
Press: ? - help, Shift-Dir - straight line, f - goblin
Aim: a goblin, wielding a +0 dagger (asleep, 100% to hit)
The zap hits the goblin.
The goblin is heavily wounded.
The goblin shouts!
Casting: Shock (safe; 5% risk of failure)
Confirm with . or Enter, or press ? or * to list all spells.
Aiming: Shock (safe; 5% risk of failure)
Press: ? - help, Shift-Dir - straight line, f/p - goblin
Aim: a goblin, wielding a +0 dagger (heavily wounded, 60% to hit)
The zap hits the goblin.
The goblin is severely wounded.
Casting: Shock (safe; 5% risk of failure)
Confirm with . or Enter, or press ? or * to list all spells.
Aiming: Shock (safe; 5% risk of failure)
Press: ? - help, Shift-Dir - straight line, f/p - goblin
Aim: a goblin, wielding a +0 dagger (severely wounded, 60% to hit)
The zap hits the goblin.
You kill the goblin!
You start resting.
Magic restored.
Okay, then.
There is a stone staircase leading up here.
Things that are here:
a +0 dagger; a goblin corpse You see here a +0 hand axe of electrocution.
Are you sure you want to abandon this character and quit the game? (Confirm with "yes".)

#.#.## #.### #.#
##.# +# #..# .#
#.## .# #.# ##.##
#.# #######...##
#.# #......@...#
#.#####.#####...##
#..........##..##
#######.##.##..#
#.# ..... #.#
#..## #.# #..# #..
...# ###


There were no monsters in sight!

Vanquished Creatures
  4 endoplasms
  A goblin (D:2)
  3 hobgoblins
  A quokka (D:1)
  2 ball pythons
  A frilled lizard (D:1)
  A kobold (D:1)
  A rat (D:1)
14 creatures vanquished.

Notes
Turn   | Place    | Note
-------+----------+-------------------------------------------
     0 | D:1      | pokedragonboy the Tengu Air Elementalist began the quest
                  | for the Orb.
     0 | D:1      | Reached XP level 1. HP: 10/10 MP: 4/4
   434 | D:1      | Reached XP level 2. HP: 15/15 MP: 0/6
  1147 | D:2      | Quit the game

Illustrated notes

Levels and vault maps discovered:
D:1:      evilmike_arrival_hilbert_curve, layout_loops_ring
D:2:      layout_loops_corners, basic_altar, dreamdust_ecumenical_altar_statues

Skill      XL: |  1 |
---------------+----+-----
Conjurations   | 2 |  2.3
Dodging        | |  2.1
Stealth        | |  2.0
Spellcasting   | |  2.2
Air Magic      | |  4.4

Action                     || total
---------------------------++-------
   Cast: Shock             ||    31
    Use: Scroll            ||     2
  Dodge: Dodged            ||     1

Table legend: (Time is in decaauts)
 A = Elapsed time spent in this place.
 B = Non-inter-level travel time spent in this place.
 C = Inter-level travel time spent in this place.
 D = Time resting spent in this place.
 E = Time spent auto-exploring this place.
 F = Levels seen in this place.
 G = Mean time per level.
                   A        B        C        D        E       F      G
               +--------+--------+--------+--------+--------+-----+--------+
         Total |   1146 |   1126 |     20 |     86 |    961 |   2 |  573.0 |
       Dungeon |   1146 |   1126 |     20 |     86 |    961 |   2 |  573.0 |
               +--------+--------+--------+--------+--------+-----+--------+

Top non-repeatable levels by time:
     D:1: 942 daAuts
     D:2: 204 daAuts
